 Dungeon Crawl Stone Soup version 0.28-a0-178-ga708605c5b (webtiles) character file.

Game seed: 17398324576172579371

15 willcat the Sneak (level 2, -4/21 HPs)
             Began as an Octopode Delver on Aug 17, 2021.
             Slain by an ogre (17 damage)
             ... on level 6 of the Dungeon.
             The game lasted 00:00:29 (148 turns).

willcat the Sneak (Octopode Delver)                  Turns: 148, Time: 00:00:30

Health: -4/21      AC:  1    Str: 11    XL:     2   Next: 50%
Magic:  2/2        EV: 13    Int: 12    God:
Gold:   10         SH:  0    Dex: 13    Spells: 1/1 levels left

rFire   . . .      SeeInvis .   a - +0 short sword
rCold   . . .      Faith    .   (no shield)
rNeg    . . .      Spirit   .   (helmet restricted)
rPois   .          Reflect  .   (no amulet)
rElec   .          Harm     .   (no ring)
rCorr   .          Rampage  .   (no ring)
Will    .....                   (no ring)
Stlth   ++++......              (no ring)
HPRegen 0.07/turn               (no ring)
MPRegen 0.08/turn               (no ring)
                                (no ring)
                                (no ring)

@: mighty
A: almost no armour, amphibious, 8 rings, camouflage 1, gelatinous body 1,
(nimble swimmer 1), tentacles
a: no special abilities


You were on level 6 of the Dungeon.
You visited 1 branch of the dungeon, and saw 2 of its levels.

You collected 10 gold pieces.

Inventory:

Hand Weapons
 a - a +0 short sword (weapon)
 i - a +0 rapier
Wands
 f - a wand of digging (3)
Scrolls
 b - a scroll of fog
 c - a scroll of magic mapping
 d - a scroll of fear
 g - 4 scrolls of identify {unknown}
Potions
 e - a potion of haste


   Skills:
 - Level 3.0 Fighting
 + Level 2.3 Short Blades
 + Level 2.3 Dodging
 + Level 6.9 Stealth


You had one spell level left.
You didn't know any spells.
Your spell library was empty.

Dungeon Overview and Level Annotations

Branches:
Dungeon (6/15)
 Temple: D:4-7

Altars:
Yredelemnul


Innate Abilities, Weirdness & Mutations

You cannot wear most types of armour.
You are amphibious.
You can wear up to eight rings at the same time.
Your skin changes colour to match your surroundings (Stealth+).
Your rubbery body absorbs attacks. (AC +1, EV +1)
((You are camouflaged near water. (Stealth+)))
You have tentacles for arms and can constrict up to eight enemies at once.


Message History

You see here a +0 rapier.
i - a +0 rapier A dart slug comes into view.
You can't go down here!
Unknown command.
You hit the dart slug but do no damage. You grab the dart slug.
You squeeze the dart slug!
The dart slug is severely wounded.
You constrict the dart slug. The dart slug closely misses you.
You hit the dart slug. You squeeze the dart slug.
You kill the dart slug!
No target in view!
(D) Dungeon
Where to? (Enter - D:5 @ (x,y), ? - help)
There is a stone staircase leading down here.
You climb downwards.
Found an escape hatch in the floor.
There is a stone staircase leading up here.
Unknown command.
You open the door.
There is an open door here.
Found a stone staircase leading down.
You open the door.
There is an open door here.
An ogre comes into view. It is wielding a +0 giant spiked club.
Okay, then.
It was a potion of might.
You feel very mighty all of a sudden.
You puncture the ogre!
The ogre is moderately wounded.
The ogre hits you with a +0 giant spiked club!
Unknown command.
You hit the ogre.
The ogre is moderately wounded.
Unknown command.
You hit the ogre. You squeeze the ogre!
The ogre is severely wounded.
The ogre hits you with a +0 giant spiked club!
Ouch! That really hurt!
You die...

#+## ##..####+#
.........
........
##+##....#
######..##O...##
#........'@....#
#........#....##
#.......#######
#.####..#
#...##..#
#..<##..#
##..'...##
#...#....#
#.>.##...#


You could see an ogre.

Vanquished Creatures
  An adder (D:5)
  An adder zombie (D:5)
  A dart slug (D:5)
3 creatures vanquished.

Notes
Turn   | Place    | Note
-------+----------+-------------------------------------------
     0 | D:5      | willcat the Octopode Delver began the quest for the Orb.
     0 | D:5      | Reached XP level 1. HP: 16/16 MP: 1/1
     0 | D:5      | Found a basalt altar of Yredelemnul.
    73 | D:5      | Reached XP level 2. HP: 20/21 MP: 2/2
   144 | D:6      | Noticed an ogre
   148 | D:6      | Slain by an ogre

Illustrated notes

Levels and vault maps discovered:
D:5:      layout_layer_cave, yredelemnul_altar_generic
D:6:      layout_gridville, okawaru_trees_1

Action                   || total
-------------------------++-------
Melee: Short sword       ||    13
       Constrict         ||     3
       Tentacles         ||     4
  Use: Potion            ||     1
Dodge: Dodged            ||     8

Table legend: (Time is in decaauts)
 A = Elapsed time spent in this place.
 B = Non-inter-level travel time spent in this place.
 C = Inter-level travel time spent in this place.
 D = Time resting spent in this place.
 E = Time spent auto-exploring this place.
 F = Levels seen in this place.
 G = Mean time per level.
                   A        B        C        D        E       F      G
               +--------+--------+--------+--------+--------+-----+--------+
         Total |    147 |    113 |     34 |      0 |     41 |   2 |   73.5 |
       Dungeon |    147 |    113 |     34 |      0 |     41 |   2 |   73.5 |
               +--------+--------+--------+--------+--------+-----+--------+

Top non-repeatable levels by time:
     D:5: 126 daAuts
     D:6: 21 daAuts
